Map: Prion Terraces

Players

xKawaiian - Winner!

  • Race: Terran Terran
  • League: Master

maxin

  • Race: Terran Terran
  • League: Master

VOD

Have the link to the VOD?

Description

Time

  • Played on: Jan. 9, 2016, 5:27 p.m.
  • Length: 11:37
Show
View Real Time Build Order
Export as new Build Order

xKawaiian Terran - Winner!

Build Orders: Reaper Expand 

Get SALT Encoding   

  12  0:01  SCV  
  13  0:13  SCV  
  14  0:17  Supply Depot  
  14  0:25  SCV  
  15  0:39  SCV  
  15  0:40  Barracks  
  16  0:46  Refinery  
  16  0:51  SCV  
  17  1:03  SCV  
  18  1:15  SCV  
  19  1:27  Orbital Command  
  19  1:31  Reaper  
  20  1:39  Command Center  
  20  1:49  Supply Depot  
  20  1:54  SCV  
  21  2:03  Marine  
  22  2:10  SCV, Factory  
  23  2:22  SCV  
  23  2:31  Reaper  
  23  2:34  SCV  
  23  2:55  Hellion  
  19  3:03  Marine  
  19  3:11  SCV  
  20  3:17  Hellion  
  21  3:21  Marine  
  21  3:26  SCV  
  23  3:38  SCV  
  21  3:49  Hellion  
  21  3:52  SCV  
  24  4:01  Marine  
  23  4:04  SCV  
  23  4:05  Starport  
  25  4:13  Orbital Command  
  25  4:15  Hellion  
  25  4:16  SCV  
  27  4:19  Marine  
  28  4:28  SCV  
  29  4:32  Supply Depot  
  29  4:37  Marine  
  30  4:40  SCV  
  30  4:41  Hellion  
  30  4:42  SCV  
  30  4:43  Medivac  
  36  4:53  SCV  
  36  4:54  Marine  
  36  4:55  SCV  
  39  5:05  SCV  
  40  5:08  SCV, Factory Tech Lab  
  40  5:11  Refinery  
  40  5:13  Medivac  
  43  5:17  SCV  
  43  5:20  SCV  
  45  5:28  Marine  
  45  5:29  SCV  
  45  5:30  Hellion  
  45  5:32  SCV  
  50  5:41  SCV  
  42  5:57  Marine  
  42  5:58  Hellion  
  41  6:14  Marine, Medivac  
  41  6:15  SCV x2  
  46  6:19  Supply Depot, Siege Tank  
  46  6:20  Barracks x2  
  49  6:27  SCV, Liberator  
  50  6:37  SCV  
  50  6:39  SCV  
  52  6:41  Supply Depot  
  52  6:43  Marine  
  52  6:54  Siege Tank  
  52  7:01  Marine  
  55  7:02  SCV x2  
  55  7:05  Supply Depot  
  58  7:14  SCV  
  59  7:19  Marine  
  59  7:22  Barracks Tech Lab, Marine  
  61  7:23  SCV  
  61  7:26  SCV  
  61  7:27  Supply Depot  
  61  7:29  Command Center, Starport Reactor  
  63  7:35  SCV, Refinery  
  63  7:36  Marine  
  63  7:37  Siege Tank  
  63  7:39  Marine  
  63  7:40  SCV  
  63  7:43  Barracks  
  63  7:44  Barracks  
  69  7:48  Marine  
  68  7:56  Marine  
  68  7:57  SCV  
  68  7:58  SCV, Stimpack  
  72  8:08  Barracks Reactor  
  72  8:09  SCV  
  72  8:10  SCV  
  72  8:12  Supply Depot, Refinery  
  73  8:19  Marine x2  
  75  8:20  Siege Tank  
  75  8:21  SCV  
  75  8:22  SCV  
  80  8:33  SCV, Marine x2  
  83  8:37  Marine x2  
  85  8:41  SCV  
  86  8:51  Marine x2  
  86  8:52  Siege Tank  
  86  8:53  Marine  
  86  8:54  Marine  
  86  8:55  Marine x2  
  86  9:02  SCV x2  
  87  9:04  Supply Depot  
  87  9:08  Orbital Command  
  87  9:10  Marine  
  87  9:11  Marine  
  87  9:12  Marine x2  
  87  9:14  SCV  
  92  9:21  Marine x2  
  92  9:23  SCV  
  95  9:24  Siege Tank  
  95  9:26  SCV  
  95  9:28  Marine  
  100  9:35  SCV  
  100  9:36  Marine x2  
  100  9:38  Marine  
  100  9:39  Marine x2  
  102  9:46  Marine  
  90  9:54  Marine x2  
  90  9:56  Siege Tank, Medivac  
  90  9:57  SCV  
  90  9:58  Combat Shields  
  90  9:59  SCV, Marine x3  
  95  10:06  Marine  
  95  10:07  Medivac  
  98  10:12  Engineering Bay, Marine x2  
  98  10:13  Engineering Bay  
  100  10:19  Marine x2  
  100  10:20  Marine  
  100  10:24  Marine  
  100  10:26  Medivac  
  100  10:28  Supply Depot x2, Siege Tank, Barracks  
  103  10:29  Marine  
  103  10:30  Barracks  
  103  10:32  Supply Depot  
  107  10:35  Refinery  
  107  10:36  Refinery  
  107  10:37  Medivac  
  109  10:43  Barracks Reactor  
  109  10:44  Barracks Reactor x2  
  109  10:45  Supply Depot  
  109  10:48  Marine  
  109  10:49  Marine  
  111  10:55  Supply Depot  
  111  10:56  Medivac  
  113  10:59  Marine  
  114  11:06  Marine x2  
  114  11:07  Medivac  
  118  11:17  Marine x3  
Show
View Real Time Build Order
Export as new Build Order

maxin Terran 

Build Orders: MMM Bio 

Get SALT Encoding   

  12  0:08  Supply Depot  
  12  0:13  SCV  
  13  0:27  Refinery  
  13  0:35  Barracks  
  13  0:50  Barracks  
  13  0:55  SCV  
  14  1:07  SCV  
  15  1:22  Reaper  
  15  1:25  Orbital Command  
  16  1:37  Reaper  
  17  1:50  SCV  
  18  1:54  Reaper  
  18  1:56  Bunker  
  19  2:03  SCV  
  19  2:11  Reaper  
  19  2:15  SCV  
  21  2:34  Supply Depot  
  21  2:35  Command Center, Reaper  
  22  2:39  SCV  
  23  2:55  SCV, Reaper  
  25  3:07  SCV  
  25  3:12  Reaper  
  27  3:19  Refinery  
  28  3:20  SCV  
  28  3:25  Barracks  
  28  3:27  Barracks  
  28  3:32  SCV  
  28  3:44  SCV  
  27  3:49  Reaper x2  
  27  3:51  Orbital Command  
  27  3:56  SCV  
  27  4:05  Bunker  
  27  4:08  SCV  
  28  4:14  Barracks Tech Lab  
  28  4:15  Reaper  
  29  4:17  Supply Depot x2  
  29  4:18  SCV  
  29  4:21  Reaper  
  31  4:27  SCV  
  33  4:33  Orbital Command  
  31  4:42  Concussive Shells  
  31  4:43  Marauder  
  31  4:45  SCV  
  34  4:46  Supply Depot  
  34  4:50  Barracks Tech Lab  
  34  4:53  Reaper  
  34  4:58  SCV x2  
  37  5:03  Engineering Bay  
  37  5:06  Marauder  
  39  5:10  SCV, Marauder  
  39  5:11  Stimpack  
  42  5:16  SCV  
  43  5:22  SCV  
  43  5:25  Refinery  
  43  5:27  Refinery  
  44  5:28  SCV  
  44  5:29  Combat Shields  
  44  5:31  Missile Turret  
  44  5:33  Missile Turret  
  44  5:34  SCV  
  46  5:37  Missile Turret  
  46  5:48  Marine x4  
  39  6:06  Marine x3  
  42  6:14  SCV  
  42  6:15  SCV  
  44  6:22  Command Center, Factory  
  44  6:24  Marine  
  44  6:27  Marine x2  
  44  6:39  SCV x2  
  45  6:41  Marine  
  45  6:43  Bunker  
  45  6:44  Terran Infantry Weapons Level 1  
  46  6:47  Engineering Bay  
  46  6:51  SCV  
  44  6:55  Marine x2  
  44  6:59  Marine  
  43  7:12  Marine  
  43  7:13  Marine  
  38  7:17  Marine  
  38  7:21  Factory Reactor  
  38  7:22  Starport  
  38  7:23  Terran Infantry Armor Level 1  
  38  7:27  SCV  
  38  7:28  SCV  
  39  7:30  Marine x2  
  39  7:34  Orbital Command  
  41  7:40  SCV  
  41  7:41  Marine  
  41  7:42  Barracks Reactor  
  43  7:49  Marauder x2  
  46  7:59  Marine  
  47  8:09  Marine, Medivac x2  
  47  8:10  Marauder  
  54  8:16  Marine  
  54  8:19  Factory Tech Lab  
  55  8:20  Orbital Command  
  55  8:22  Barracks x2  
  55  8:28  Marauder  
  57  8:36  Marine x3  
  57  8:37  Marauder  
  57  8:38  Siege Tank  
  57  8:39  Medivac x2  
  68  8:49  Marine  
  68  8:51  Orbital Command  
  68  8:54  Marine x3  
  62  8:57  Marine  
  55  9:07  Marine  
  55  9:08  Marine  
  56  9:12  Marine x3  
  58  9:34  Marine x3  
  60  9:46  Orbital Command  
  46  9:57  Orbital Command  
  46  10:03  Marine x4  
  48  10:21  Marine  
  48  10:50  Marine x4  
  50  10:58  Siege Tank  
  53  11:06  Medivac x2  
  53  11:08  Marine  
  58  11:17  Marine x2  
Tags
 
Composition
MMM Bio
Matchup
TvT
Player
xKawaiian
Race
Terran
Add a new tag
Caveats
  • Supply blocks, unpowered buildings, or Contaminate may cause inaccurate times.
  • Supply counts are checked every 10 seconds.